TOP OF THE 1ST |
Grim Reapers batting - Pitching for Lee's Summit Tigers : RHP Patrick Singleton
|
Pitching: RHP Patrick Singleton
|
|
Batting: LHB Carlos De La Rosa
|
0-0: Called Strike 0-1: Called Strike 0-2: Foul Ball, location: 2F 0-2: Foul Ball, location: 2F 0-2: Ball 1-2: Strikes out looking
|
Batting: RHB Pedro López
|
0-0: Foul Ball, location: 2F 0-1: Ball 1-1: Swinging Strike 1-2: Strikes out looking
|
Batting: RHB Micheal Banks
|
0-0: Called Strike 0-1: Fly out, F5 (Popup, 5D)
|
Top of the 1st over - 0 run(s), 0 hit(s), 0 error(s), 0 left on base; Grim 0 - Lee's Summit 0 |
BOTTOM OF THE 1ST |
Lee's Summit Tigers batting - Pitching for Grim Reapers : RHP Kade Brown
|
Pitching: RHP Kade Brown
|
|
Batting: RHB Stan Taylor
|
0-0: Called Strike 0-1: Ball 1-1: Called Strike 1-2: Foul Ball, location: 2F 1-2: Ball 2-2: Ball 3-2: Foul Ball, location: 2F 3-2: Base on Balls
|
Batting: RHB Ricardo Velásquez
|
0-0: Ball 1-0: Called Strike 1-1: Ball 2-1: Foul Ball, location: 2F 2-2: Ball 3-2: DOUBLE (Flyball, 7LD) Stan Taylor to third Stan Taylor scores
|
Batting: LHB Dudley Cooper
|
0-0: Ball 1-0: Ball 2-0: Fly out, F9 (Flyball, 9S)
|
Batting: LHB Al Miller
|
0-0: Ball 1-0: Ball Passed Ball! Ricardo Velásquez to third 2-0: Ground out 6-3 (Groundball, 6) Ricardo Velásquez scores
|
Batting: LHB Glenn Williamson
|
0-0: Ball 1-0: Foul Ball, location: 2F 1-1: Called Strike 1-2: Strikes out looking
|
Bottom of the 1st over - 2 run(s), 1 hit(s), 0 error(s), 0 left on base; Grim 0 - Lee's Summit 2 |
TOP OF THE 2ND |
Grim Reapers batting - Pitching for Lee's Summit Tigers : RHP Patrick Singleton
|
Batting: LHB Jesús Rojas
|
0-0: Hit by Pitch
|
Batting: RHB Roberto Solís
|
0-0: Called Strike 0-1: Ball 1-1: Ball 2-1: Ball 3-1: Base on Balls Jesús Rojas to second
|
Batting: RHB Jeremiah Ward
|
0-0: Called Strike 0-1: Ball 1-1: Swinging Strike 1-2: Strikes out swinging
|
Batting: RHB Arthur Hopkins
|
0-0: Ball 1-0: Called Strike 1-1: Foul Ball, location: 2F 1-2: Ball 2-2: Strikes out swinging
|
Batting: RHB John Jones
|
0-0: Ball 1-0: Swinging Strike 1-1: Ball 2-1: Foul Ball, location: 2F 2-2: Fly out, F8 (Line Drive, 8LM)
|
Top of the 2nd over - 0 run(s), 0 hit(s), 0 error(s), 2 left on base; Grim 0 - Lee's Summit 2 |
BOTTOM OF THE 2ND |
Lee's Summit Tigers batting - Pitching for Grim Reapers : RHP Kade Brown
|
Batting: RHB Valentín Saldaña
|
0-0: Ball 1-0: Called Strike 1-1: Foul Ball, location: 2F 1-2: SINGLE (Groundball, 56D)
|
Batting: RHB Steve Johnson
|
0-0: Fly out, F7 (Flyball, 7S)
|
Batting: LHB José Guerrero
|
Balk! Valentín Saldaña to second 0-0: Ground out 1-3 (Groundball, 13S) Valentín Saldaña to third
|
Batting: RHB Travis Ezell
|
0-0: Ball 1-0: Called Strike 1-1: Foul Ball, location: 2F 1-2: Ball 2-2: Ground out 4-3 (Groundball, 4)
|
Bottom of the 2nd over - 0 run(s), 1 hit(s), 0 error(s), 1 left on base; Grim 0 - Lee's Summit 2 |
TOP OF THE 3RD |
Grim Reapers batting - Pitching for Lee's Summit Tigers : RHP Patrick Singleton
|
Batting: RHB Juan Ortega
|
0-0: Swinging Strike 0-1: Called Strike 0-2: Strikes out swinging passed ball, reaches first!
|
Batting: LHB Carlos De La Rosa
|
0-0: Ball 1-0: Called Strike 1-1: Called Strike Juan Ortega steals 2nd base 1-2: Strikes out swinging
|
Batting: RHB Pedro López
|
0-0: Ball 1-0: Foul Ball, location: 2F 1-1: Called Strike 1-2: Ground out 5-3 (Groundball, 5L)
|
Batting: RHB Micheal Banks
|
0-0: Ball 1-0: Ball 2-0: Called Strike 2-1: Ball 3-1: Called Strike 3-2: Base on Balls
|
Batting: LHB Jesús Rojas
|
0-0: Foul Ball, location: 2F 0-1: Ball 1-1: Foul Ball, location: 2F 1-2: Foul Ball, location: 2F 1-2: DOUBLE (Flyball, 7LD) Juan Ortega scores Micheal Banks to third
|
Batting: RHB Roberto Solís
|
0-0: Called Strike 0-1: Ball 1-1: Foul Ball, location: 2F 1-2: Ball 2-2: Ball 3-2: SINGLE (Groundball, 56D) Micheal Banks scores Jesús Rojas to third Jesús Rojas scores
|
Batting: RHB Jeremiah Ward
|
0-0: Fielders Choice at 2nd, 6-4 (Groundball, 6)
|
Top of the 3rd over - 3 run(s), 2 hit(s), 0 error(s), 0 left on base; Grim 3 - Lee's Summit 2 |
BOTTOM OF THE 3RD |
Lee's Summit Tigers batting - Pitching for Grim Reapers : RHP Kade Brown
|
Batting: RHB Stan Taylor
|
0-0: Fly out, F8 (Flyball, 8RM)
|
Batting: RHB Ricardo Velásquez
|
0-0: Called Strike 0-1: Swinging Strike 0-2: Strikes out swinging
|
Batting: LHB Dudley Cooper
|
0-0: Fly out, F9 (Flyball, 9LMF)
|
Bottom of the 3rd over - 0 run(s), 0 hit(s), 0 error(s), 0 left on base; Grim 3 - Lee's Summit 2 |
TOP OF THE 4TH |
Grim Reapers batting - Pitching for Lee's Summit Tigers : RHP Patrick Singleton
|
Batting: RHB Arthur Hopkins
|
0-0: Foul Ball, location: 2F 0-1: Fly out, F6 (Popup, 6S)
|
Batting: RHB John Jones
|
0-0: Ball 1-0: Ball 2-0: Called Strike 2-1: Ball 3-1: Base on Balls
|
Batting: RHB Juan Ortega
|
0-0: Ball 1-0: Swinging Strike 1-1: Ball 2-1: Fly out, F8 (Flyball, 8RM)
|
Batting: LHB Carlos De La Rosa
|
0-0: Ball John Jones steals 2nd base 1-0: Foul Ball, location: 2F 1-1: Ball 2-1: Fly out, F7 (Flyball, 7LS)
|
Top of the 4th over - 0 run(s), 0 hit(s), 0 error(s), 1 left on base; Grim 3 - Lee's Summit 2 |
BOTTOM OF THE 4TH |
Lee's Summit Tigers batting - Pitching for Grim Reapers : RHP Kade Brown
|
Batting: LHB Al Miller
|
0-0: Ball 1-0: Called Strike 1-1: Swinging Strike 1-2: Ball 2-2: Foul Ball, location: 2F 2-2: Foul Ball, location: 2F 2-2: Ball 3-2: Foul Ball, location: 2F 3-2: Foul Ball, location: 2F 3-2: Base on Balls
|
Batting: LHB Glenn Williamson
|
0-0: Ball 1-0: Called Strike 1-1: Ball 2-1: Ball 3-1: Base on Balls Al Miller to second
|
Batting: RHB Valentín Saldaña
|
0-0: Called Strike 0-1: Ball 1-1: Foul Ball, location: 2F 1-2: Strikes out looking
|
Batting: RHB Steve Johnson
|
0-0: Foul Ball, location: 2F 0-1: Ball 1-1: SINGLE (Flyball, 8RS) Al Miller to third Glenn Williamson to second Runner from 3rd tries for Home, SAFE, throw made home
|
Batting: LHB José Guerrero
|
0-0: Ball 1-0: SINGLE (Groundball, 4D) Glenn Williamson to third Steve Johnson to second Runner from 3rd tries for Home, SAFE, throw made home Steve Johnson to third José Guerrero to second
|
Batting: RHB Travis Ezell
|
0-0: Fly out, F4 (Line Drive, 4M)
|
Batting: RHB Stan Taylor
|
0-0: Ball 1-0: Foul Ball, location: 2F 1-1: Ball 2-1: Fly out, F8 (Flyball, 8RM)
|
Bottom of the 4th over - 2 run(s), 2 hit(s), 0 error(s), 2 left on base; Grim 3 - Lee's Summit 4 |
TOP OF THE 5TH |
Grim Reapers batting - Pitching for Lee's Summit Tigers : RHP Patrick Singleton
|
Batting: RHB Pedro López
|
0-0: Ground out 6-3 (Groundball, 6D)
|
Batting: RHB Micheal Banks
|
0-0: SINGLE (Line Drive, 6M)
|
Batting: LHB Jesús Rojas
|
0-0: Ball 1-0: Fly out, F2 (Popup, 3S)
|
Batting: RHB Roberto Solís
|
0-0: 2-RUN HOME RUN (Flyball, 7D), Distance : 345 ft
|
Batting: RHB Jeremiah Ward
|
0-0: Fly out, F7 (Flyball, 7)
|
Top of the 5th over - 2 run(s), 2 hit(s), 0 error(s), 0 left on base; Grim 5 - Lee's Summit 4 |
BOTTOM OF THE 5TH |
Lee's Summit Tigers batting - Pitching for Grim Reapers : RHP Kade Brown
|
Batting: RHB Ricardo Velásquez
|
0-0: Ball 1-0: Foul Ball, location: 2F 1-1: Swinging Strike 1-2: Ball 2-2: Ball 3-2: Fly out, F7 (Flyball, 78S)
|
Batting: LHB Dudley Cooper
|
0-0: Foul Ball, location: 2F 0-1: Fly out, F5 (Popup, 5D)
|
Batting: LHB Al Miller
|
0-0: Ball 1-0: SINGLE (Flyball, 8LS)
|
Batting: LHB Glenn Williamson
|
0-0: Called Strike 0-1: Ball 1-1: Called Strike 1-2: Strikes out looking
|
Bottom of the 5th over - 0 run(s), 1 hit(s), 0 error(s), 1 left on base; Grim 5 - Lee's Summit 4 |
TOP OF THE 6TH |
Grim Reapers batting - Pitching for Lee's Summit Tigers : RHP Patrick Singleton
|
Batting: RHB Arthur Hopkins
|
0-0: Ball 1-0: Ball 2-0: Ball 3-0: Base on Balls
|
Pitching: LHP Vernon Mathis
|
|
Batting: RHB John Jones
|
0-0: Ball 1-0: Foul Ball, location: 2F 1-1: Swinging Strike 1-2: Strikes out swinging
|
Batting: RHB Juan Ortega
|
0-0: Ball 1-0: Ball 2-0: Foul Ball, location: 2F 2-1: Swinging Strike 2-2: Foul Ball, location: 2F 2-2: SINGLE (Flyball, 7S) Arthur Hopkins to second
|
Batting: LHB Carlos De La Rosa
|
0-0: Ball 1-0: Foul Ball, location: 2F 1-1: Foul Ball, location: 2F 1-2: Foul Ball, location: 2F 1-2: Ball 2-2: Strikes out looking
|
Batting: RHB Pedro López
|
0-0: Foul Ball, location: 2F 0-1: Ball 1-1: Swinging Strike 1-2: Ball 2-2: Strikes out swinging
|
Top of the 6th over - 0 run(s), 1 hit(s), 0 error(s), 2 left on base; Grim 5 - Lee's Summit 4 |
BOTTOM OF THE 6TH |
Lee's Summit Tigers batting - Pitching for Grim Reapers : RHP Kade Brown
|
Batting: RHB Valentín Saldaña
|
0-0: Swinging Strike 0-1: Ball 1-1: Called Strike 1-2: Strikes out swinging
|
Pitching: RHP Colin Younger
|
|
Batting: RHB Steve Johnson
|
0-0: Ball 1-0: Swinging Strike 1-1: Ground out 4-3 (Groundball, 4)
|
Batting: LHB José Guerrero
|
0-0: Ball 1-0: Ball 2-0: Called Strike 2-1: Ground out 4-3 (Groundball, 4)
|
Bottom of the 6th over - 0 run(s), 0 hit(s), 0 error(s), 0 left on base; Grim 5 - Lee's Summit 4 |
TOP OF THE 7TH |
Grim Reapers batting - Pitching for Lee's Summit Tigers : LHP Vernon Mathis
|
Batting: RHB Micheal Banks
|
0-0: Ball 1-0: Ball 2-0: Swinging Strike 2-1: Ball 3-1: Called Strike 3-2: Strikes out looking
|
Batting: LHB Jesús Rojas
|
0-0: Ball 1-0: Swinging Strike 1-1: Ball 2-1: Foul Ball, location: 2F 2-2: Foul Ball, location: 2F 2-2: SINGLE (Groundball, 4MD)
|
Batting: RHB Roberto Solís
|
0-0: Swinging Strike 0-1: Foul Ball, location: 2F 0-2: Strikes out swinging
|
Batting: RHB Jeremiah Ward
|
0-0: Called Strike 0-1: Swinging Strike 0-2: Foul Ball, location: 2F 0-2: Strikes out swinging
|
Top of the 7th over - 0 run(s), 1 hit(s), 0 error(s), 1 left on base; Grim 5 - Lee's Summit 4 |
BOTTOM OF THE 7TH |
Lee's Summit Tigers batting - Pitching for Grim Reapers : RHP Colin Younger
|
Batting: RHB Travis Ezell
|
0-0: Called Strike 0-1: Fly out, F8 (Flyball, 8RM)
|
Batting: RHB Stan Taylor
|
0-0: Ball 1-0: Called Strike 1-1: SINGLE (Line Drive, 4D)
|
Batting: RHB Ricardo Velásquez
|
0-0: Ball 1-0: Ball 2-0: Ball 3-0: Called Strike 3-1: Base on Balls Stan Taylor to second
|
Batting: LHB Dudley Cooper
|
0-0: Called Strike 0-1: Ball 1-1: Swinging Strike 1-2: SINGLE (Line Drive, 34D) Stan Taylor to third Ricardo Velásquez to second Runner from 3rd tries for Home, SAFE, no throw
|
Batting: LHB Al Miller
|
0-0: Swinging Strike 0-1: Ball 1-1: Ball 2-1: Ball 3-1: Called Strike 3-2: Base on Balls Ricardo Velásquez to third Dudley Cooper to second
|
Batting: LHB Glenn Williamson
|
0-0: Ball 1-0: Ball 2-0: Foul Ball, location: 2F 2-1: Swinging Strike 2-2: SINGLE (Groundball, 34D) Ricardo Velásquez scores Dudley Cooper to third Al Miller to second Runner from 3rd tries for Home, SAFE, throw made home
|
Pitching: RHP Dave Weeks
|
|
Batting: RHB Valentín Saldaña
|
0-0: Called Strike 0-1: Foul Ball, location: 2F 0-2: Strikes out looking
|
Batting: RHB Steve Johnson
|
0-0: Swinging Strike 0-1: Called Strike 0-2: Ball 1-2: Ball 2-2: Ball 3-2: Base on Balls Al Miller to third Glenn Williamson to second
|
Batting: LHB José Guerrero
|
0-0: Ball 1-0: Ball 2-0: Called Strike 2-1: Fielders Choice at 2nd, 5-4 (Groundball, 56)
|
Bottom of the 7th over - 3 run(s), 3 hit(s), 0 error(s), 2 left on base; Grim 5 - Lee's Summit 7 |
TOP OF THE 8TH |
Grim Reapers batting - Pitching for Lee's Summit Tigers : LHP Vernon Mathis
|
Batting: RHB Arthur Hopkins
|
0-0: Called Strike 0-1: Ground out U3 (Groundball, 3)
|
Batting: RHB John Jones
|
0-0: Ball 1-0: Swinging Strike 1-1: Called Strike 1-2: DOUBLE (Line Drive, 78D)
|
Pitching: RHP Javier Pacheco
|
|
Batting: RHB Juan Ortega
|
0-0: Ball 1-0: Ball 2-0: Ball 3-0: Base on Balls
|
Batting: LHB Carlos De La Rosa
|
0-0: Called Strike 0-1: Ball 1-1: Ball 2-1: Ball 3-1: Base on Balls John Jones to third Juan Ortega to second
|
Pinch Hitting: LHB Marcos Fontanez
|
0-0: Swinging Strike 0-1: Ball 1-1: Ball 2-1: Swinging Strike 2-2: Ball 3-2: Strikes out looking
|
Batting: RHB Micheal Banks
|
0-0: Ball 1-0: Foul Ball, location: 2F 1-1: Swinging Strike 1-2: Strikes out swinging
|
Top of the 8th over - 0 run(s), 1 hit(s), 0 error(s), 3 left on base; Grim 5 - Lee's Summit 7 |
BOTTOM OF THE 8TH |
Lee's Summit Tigers batting - Pitching for Grim Reapers : RHP Dave Weeks
|
Now in CF: Gilbert Forbes
|
|
Batting: RHB Travis Ezell
|
0-0: Swinging Strike 0-1: Foul Ball, location: 2F 0-2: Ball 1-2: Fly out, F7 (Flyball, 78M)
|
Batting: RHB Stan Taylor
|
0-0: Ball 1-0: Called Strike 1-1: SINGLE (Line Drive, 34)
|
Batting: RHB Ricardo Velásquez
|
0-0: Ball 1-0: Ball 2-0: Foul Ball, location: 2F 2-1: Fly out, F5 (Line Drive, 56)
|
Batting: LHB Dudley Cooper
|
0-0: Ball Stan Taylor is caught stealing 2nd base
|
Bottom of the 8th over - 0 run(s), 1 hit(s), 0 error(s), 0 left on base; Grim 5 - Lee's Summit 7 |
TOP OF THE 9TH |
Grim Reapers batting - Pitching for Lee's Summit Tigers : RHP Javier Pacheco
|
Pitching: RHP Pedro Rivera
|
|
Batting: LHB Jesús Rojas
|
0-0: Ground out 4-3 (Groundball, 4)
|
Batting: RHB Roberto Solís
|
0-0: Ball 1-0: Swinging Strike 1-1: Ball 2-1: Ball 3-1: Called Strike 3-2: Foul Ball, location: 2F 3-2: Foul Ball, location: 2F 3-2: Strikes out swinging
|
Batting: RHB Jeremiah Ward
|
0-0: Called Strike 0-1: Ball 1-1: Swinging Strike 1-2: Ball 2-2: Ball 3-2: Foul Ball, location: 2F 3-2: Foul Ball, location: 2F 3-2: Foul Ball, location: 2F 3-2: Strikes out swinging
|
Top of the 9th over - 0 run(s), 0 hit(s), 0 error(s), 0 left on base; Grim 5 - Lee's Summit 7 |
|